 Dungeon Crawl Stone Soup version 0.24.0-10-g970556be89 (webtiles) character file.

Game seed: 18444739801428115890, levelgen mode: deterministic

289 Curus the Twirler (level 6, -17/35 HPs)
             Began as a Gargoyle Gladiator on Nov 4, 2019.
             Was a Follower of Trog.
             Demolished by an ogre
             ... wielding a +0 giant club
              (18 damage)
             ... on level 4 of the Dungeon.
             The game lasted 00:08:47 (1900 turns).

Curus the Twirler (Gargoyle Gladiator)              Turns: 1900, Time: 00:08:48

Health: -17/35     AC: 11    Str: 18    XL:     6   Next: 31%
Magic:  6/6        EV: 12    Int:  8    God:    Trog [*.....]
Gold:   144        SH:  0    Dex: 16    Spells: 5/5 levels left

rFire    . . .     SeeInvis .   a - +1 quarterstaff
rCold    . . .     Gourm    .   (shield currently unavailable)
rNeg     + . .     Faith    .   g - +0 ring mail
rPois    ∞         Spirit   .   c - +0 helmet
rElec    +         Reflect  .   (no cloak)
rCorr    .         Harm     .   (no gloves)
MR       .....                  e - +0 pair of boots
Stlth    +.........             (no amulet)
HPRegen  0.11/turn              h - +3 ring of dexterity
MPRegen  0.10/turn              (no ring)

@: berserk cooldown, slowed, very slow
A: negative energy resistance 1, electricity resistance, unbreathing,
petrification resistance, rot immunity, AC +4
a: Berserk, Renounce Religion


You were on level 4 of the Dungeon.
You worshipped Trog.
Trog was aware of your devotion.
You were hungry.

You visited 1 branch of the dungeon, and saw 4 of its levels.

You collected 144 gold pieces.

Inventory:

Hand Weapons
 a - a +1 quarterstaff (weapon)
Missiles
 d - 2 throwing nets (quivered)
Armour
 b - a +0 leather armour
 c - a +0 helmet (worn)
 e - a +0 pair of boots (worn)
 g - a +0 ring mail (worn)
Jewellery
 h - a +3 ring of dexterity (left hand)
 j - a -2 ring of evasion
Scrolls
 l - 2 scrolls of teleportation
 n - a scroll of identify
Potions
 i - a potion of might
 m - a potion of curing
Comestibles
 f - 2 rations
 k - 2 chunks of flesh


   Skills:
 - Level 2.1 Fighting
 + Level 6.9 Staves
 - Level 1.7 Throwing
 - Level 2.4 Dodging


You had 5 spell levels left.
You didn't know any spells.
Your spell library was empty.

Dungeon Overview and Level Annotations

Branches:
Dungeon (4/15)
 Temple: D:4-7

Altars:
Fedhas
Gozag
Trog
Wu Jian
Zin


Innate Abilities, Weirdness & Mutations

You are resistant to torment.
Your stone body is resilient. (AC +4)
You are immune to poison.
You resist negative energy. (rN+)
You are resistant to electric shocks. (rElec)
You can survive without breathing.
You are immune to petrification.
You are immune to rotting.


Message History

The ogre is severely wounded.
You are feeling hungry.
The ogre struggles against the net.
You hit the ogre.
The ogre is severely wounded.
The ogre struggles against the net. x2
You strike the helpless ogre from behind!
You hit the ogre.
The ogre is almost dead.
The ogre struggles against the net.
The net rips apart, and the ogre comes free!
You barely miss the ogre.
The ogre is almost dead.
The ogre hits you with a +0 giant club.
* * * LOW HITPOINT WARNING * * *
You hit the ogre but do no damage.
The ogre is almost dead.
The ogre hits you with a +0 giant club!!
Ouch! That really hurt!
You die...

#...######.##
#♣.♣#.......#
#...######..#
#8.8### #..#
#...#.####..#
#8.♣#.##....#
#...#.##.##.#
#8.♣#.##.##<#
#.@.#.##.##.#
#8O♣#.......#
#...#....####
#8.♣#.....#
#...#.###†#
#♣.♣#.# #.#
#...#.###.#
#♣.♣#.....#
...####..#


You could see an ogre.

Vanquished Creatures
  A sky beast (D:3)
  A scorpion (D:3)
  6 adders
  An ooze (D:3)
  4 worms
  2 dart slugs (D:1)
  2 leopard geckos (D:4)
  6 orcs (D:3)
  4 giant cockroaches
  10 goblins
  6 hobgoblins
  A quokka (D:2)
  A ball python (D:3)
  4 bats
  7 frilled lizards
  11 kobolds
  10 rats
77 creatures vanquished.

Notes
Turn   | Place    | Note
-------+----------+-------------------------------------------
     0 | D:1      | Curus the Gargoyle Gladiator began the quest for the Orb.
     0 | D:1      | Reached XP level 1. HP: 12/12 MP: 1/1
    92 | D:1      | Reached XP level 2. HP: 13/17 MP: 2/2
   514 | D:1      | Reached skill level 4 in Staves
   759 | D:1      | Reached XP level 3. HP: 21/21 MP: 3/3
   976 | D:2      | Found a glowing silver altar of Zin.
  1017 | D:2      | Reached XP level 4. HP: 23/26 MP: 4/4
  1022 | D:2      | Reached skill level 5 in Staves
  1132 | D:2      | Found a bloodstained altar of Trog.
  1139 | D:2      | Became a worshipper of Trog the Wrathful
  1158 | D:2      | You fall into a shaft and drop 1 floor!
  1221 | D:3      | Reached XP level 5. HP: 16/30 MP: 5/5
  1226 | D:3      | Reached skill level 6 in Staves
  1384 | D:2      | Reached * piety under Trog
  1479 | D:3      | Noticed a sky beast
  1508 | D:3      | Killed a sky beast
  1508 | D:3      | Reached XP level 6. HP: 27/35 MP: 6/6
  1557 | D:3      | Found a blossoming altar of Fedhas.
  1613 | D:3      | Found an opulent altar of Gozag.
  1694 | D:3      | Found an ornate altar of the Wu Jian Council.
  1899 | D:4      | HP: 1/35 [ogre/+0 giant club (3)]
  1900 | D:4      | Demolished by an ogre

Levels and vault maps discovered:
D:1:      tarquinn_simple_flora_water_f, layout_loops_ring, minmay_3d_cube
D:2:      layout_rooms, lightli_temple_of_fire, lemuel_round_altar
D:3:      layout_rooms, lemuel_doored_altar, old_standard_altar,
          grunt_gozag_statues
D:4:      kennysheep_goblin_castle, layout_loops_ring, kennysheep_mini_moat,
          minitemple, first_ration, chequers_avenue, uniq_ijyb

Skill      XL: |  1  2  3  4  5 |
---------------+----------------+-----
Staves         | 4 5 6 |  6.9
Fighting       | |  2.1
Throwing       | |  1.7
Dodging        | |  2.4

Action                   |  1- 3 |  4- 6 || total
-------------------------+-------+-------++-------
Melee: Quarterstaff      |    97 |   139 ||   236
Throw: Throwing net      |       |     1 ||     1
  Use: Potion            |     6 |     2 ||     8
       Scroll            |     8 |     1 ||     9
 Stab: Held in net/web   |       |     1 ||     1
  Eat: Chunk             |       |     3 ||     3
Armor: Leather armour    |    13 |       ||    13
       Ring mail         |    20 |    70 ||    90
Dodge: Dodged            |    53 |    76 ||   129
